Map: Frozen Temple

Players

msrm - Winner!

  • Race: Zerg Zerg
  • League: Master

KiFirE

  • Race: Protoss Protoss
  • League: Master

Event: Clash of the Clanless

VOD

Have the link to the VOD?

Description

Time

  • Played on: Aug. 20, 2016, 12:40 p.m.
  • Length: 5:04

All games in this series

Show
View Real Time Build Order
Export as new Build Order

msrm Zerg - Winner!

Build Orders: Hatch First 

Get SALT Encoding   

  12  0:00  Drone  
  13  0:08  Drone  
  14  0:17  Overlord  
  14  0:23  Drone, Extractor  
  14  0:26  Extractor  
  13  0:29  Drone  
  13  0:35  Drone  
  17  0:52  Hatchery  
  17  0:55  Drone  
  17  0:58  Drone  
  18  1:10  Extractor  
  17  1:14  Spawning Pool  
  17  1:16  Drone  
  17  1:19  Drone  
  18  1:26  Drone  
  19  1:37  Overlord  
  19  1:49  Drone  
  20  2:00  Drone  
  21  2:02  Queen  
  21  2:04  Queen  
  21  2:05  Zergling x2  
  26  2:09  Metabolic Boost  
  26  2:11  Drone  
  27  2:28  Evolution Chamber  
  26  2:30  Zergling x6  
  30  2:37  Zergling x4  
  31  2:44  Overlord  
  31  2:54  Zerg Melee Weapons Level 1  
  31  2:55  Zergling x4  
  32  3:21  Zergling x10  
  32  3:22  Zergling x8  
  32  3:25  Overlord  
  40  3:47  Zergling x6  
  42  4:00  Zergling x14  
  44  4:14  Zergling x4  
  45  4:22  Zergling x4  
  44  4:33  Zergling x4  
  44  4:45  Zergling x4  
Show
View Real Time Build Order
Export as new Build Order

KiFirE Protoss 

Build Orders: 1 Gate Expand 

Get SALT Encoding   

  12  0:01  Probe (Chrono Boost)  
  13  0:11  Probe (Chrono Boost)  
  14  0:17  Pylon  
  14  0:22  Probe (Chrono Boost)  
  15  0:35  Probe (Chrono Boost)  
  16  0:39  Gateway  
  16  0:46  Probe (Chrono Boost)  
  17  0:54  Assimilator  
  17  0:56  Probe (Chrono Boost)  
  18  1:07  Probe (Chrono Boost)  
  19  1:24  Nexus  
  19  1:35  Probe (Chrono Boost)  
  19  1:37  Cybernetics Core  
  20  1:42  Assimilator  
  20  1:46  Probe (Chrono Boost)  
  21  1:52  Pylon  
  21  1:56  Probe (Chrono Boost)  
  22  2:07  Warp Gate  
  22  2:08  Probe (Chrono Boost)  
  23  2:09  Adept  
  25  2:20  Probe (Chrono Boost)  
  26  2:33  Adept  
  26  2:34  Mothership Core (Chrono Boost)  
  30  2:43  Probe (Chrono Boost)  
  31  2:50  Gateway  
  31  2:53  Probe (Chrono Boost)  
  31  2:54  Probe (Chrono Boost)  
  31  2:55  Gateway  
  33  3:04  Probe (Chrono Boost)  
  35  3:06  Probe (Chrono Boost)  
  33  3:20  Probe (Chrono Boost)  
  33  3:22  Probe (Chrono Boost)  
  33  3:24  Sentry  
  37  3:27  Robotics Facility  
  37  3:32  Forge  
  37  3:37  Probe (Chrono Boost), Adept  
  37  3:38  Probe (Chrono Boost)  
  41  3:51  Pylon  
  36  4:16  Observer  
  37  4:20  Photon Cannon  
  37  4:21  Adept x3  
  39  4:25  Probe (Chrono Boost)  
  39  4:26  Probe (Chrono Boost)  
  38  4:37  Photon Cannon  
  24  4:46  Adept  
  24  4:48  Adept x2  
Tags
 
Add a new tag
Caveats
  • Supply blocks, unpowered buildings, or Contaminate may cause inaccurate times.
  • Supply counts are checked every 10 seconds.